 Dungeon Crawl Stone Soup version 0.28-a0-969-g2dcde036d2 (webtiles) character file.

Game seed: 12188623208809496366

1346 HessuHobo the Skirmisher (level 8, -6/63 HPs)
             Began as a Human Fighter on Dec 1, 2021.
             Was a Believer of Zin.
             Mangled by an ogre (20 damage)
             ... on level 7 of the Dungeon.
             The game lasted 00:29:31 (10267 turns).

HessuHobo the Skirmisher (Human Fighter)           Turns: 10267, Time: 00:29:31

Health: -6/63      AC: 11    Str: 20    XL:     8   Next: 94%
Magic:  8/8        EV:  5    Int: 10    God:    Zin [**....]
Gold:   234        SH: 12    Dex: 13    Spells: 7/7 levels left

rFire   . . .      SeeInvis .   q - +0 falchion
rCold   . . .      Faith    .   r - +3 kite shield
rNeg    . . .      Spirit   .   w - +0 chain mail
rPois   ∞          Reflect  .   s - +0 helmet
rElec   .          Harm     .   (no cloak)
rCorr   +          Rampage  .   (no gloves)
Will    .....                   (no boots)
Stlth   ..........              (no amulet)
HPRegen 0.20/turn               y - ring of resist corrosion
MPRegen 0.11/turn               (no ring)

@: vitalised
A: no striking features
a: Renounce Religion, Recite, Vitalisation, Donate Gold


You were on level 7 of the Dungeon.
You worshipped Zin.
Zin was pleased with you.
You visited 2 branches of the dungeon, and saw 8 of its levels.

You collected 260 gold pieces.
You donated 26 gold pieces to Zin.

Inventory:

Hand Weapons
 a - a +0 rapier
 q - a +0 falchion (weapon)
Missiles
 d - 3 throwing nets
 i - 109 stones
 k - 19 poisoned darts (quivered)
Armour
 b - a +0 scale mail
 c - a +0 buckler
 g - the +0 robe of Kleptomania {Str+7 Int+4}
   (You found it on level 5 of the Dungeon)

   Str:       It affects your strength (+7).
   Int:       It affects your intelligence (+4).
 r - a +3 kite shield (worn)
 s - a +0 helmet (worn)
 w - a +0 chain mail (worn)
Jewellery
 y - a ring of resist corrosion (left hand)
Scrolls
 e - 3 scrolls of amnesia
 h - a scroll of fog
 n - a scroll of magic mapping
 p - 2 scrolls of teleportation {unknown}
 u - a scroll of enchant weapon {unknown}
 v - a scroll of noise {unknown}
Potions
 l - a potion of lignification
 t - 3 potions of curing


   Skills:
 + Level 5.4 Fighting
 - Level 2.8(3.8) Short Blades
 + Level 3.8(4.3) Long Blades
 + Level 4.1 Throwing
 + Level 5.4 Armour
 + Level 5.4 Shields


You had 7 spell levels left.
You didn't know any spells.
Your spell library contained the following spells:

 Spells                   Type           Power      Damage    Failure   Level
 Blink                    Tloc           0%         N/A       100%        2
 Sublimation of Blood     Necr           0%         N/A       100%        2
 Gell's Gravitas          Tloc           0%         N/A       100%        3
 Lesser Beckoning         Tloc           0%         N/A       100%        3
 Teleport Other           Tloc           0%         N/A       100%        3
 Petrify                  Tmut/Erth      0%         N/A       100%        4
 Irradiate                Conj/Tmut      0%         3d13      100%        5
 Manifold Assault         Tloc           0%         N/A       100%        5
 Dispersal                Tloc           0%         N/A       100%        6


Dungeon Overview and Level Annotations

Branches:
Dungeon (7/15)             Temple (1/1) D:7

Altars:
Ashenzari
Dithmenos
Elyvilon
Fedhas
Gozag
Kikubaaqudgha
Makhleb
Nemelex Xobeh
Okawaru
Qazlal
Ru
Sif Muna
Vehumet
Wu Jian
Xom
Zin

Annotations:
D:4 Grinder
D:6 Pikel


Message History

The ogre hits you with a +0 giant club!
The water moccasin hisses angrily.
Throw: 20 darts (poison)
Press: ? - help, Q - select action, (/) - cycle Shift-Dir - straight line, f/p - ogre
Aim: an ogre, wielding a +0 giant club (moderately wounded, poisoned, 75% to hit)
You throw a poisoned dart. The poisoned dart hits the ogre!
The ogre looks even sicker.
The ogre is moderately wounded.
There is an open door here.
The ogre hits you with a +0 giant club!!
You clear your throat and prepare to recite. "And Zin, furious at their unfaithfulness, held..."
The ogre is dazed by your recitation.
The ogre barely misses you. "...aloft a silver sceptre!
The unbelievers..."
Zin grants you divine stamina. "...were expelled, and thus the way of things was maintained."
You finish reciting Apostates 24:13. "And thus was it written."
The water moccasin bites you.
Your divine stamina protects you from poison!
The ogre hits you with a +0 giant club!!
* * * LOW HITPOINT WARNING * * *
Okay, then.
Blink to where?
Press: ? - help, Dir - move target, p - ogre
As you read the scroll of blinking, it crumbles to dust.
As you read the scroll of fog, it crumbles to dust.
The scroll dissolves into smoke.
You see here a poisoned dart.
Found a stone staircase leading down.
Found a trident.
Found a stone staircase leading down.
Found 19 stones, 2 sedimented brown potions and a scroll of enchant armour.
Found a stone staircase leading down.
You hear the brisk hiss of a distant avalanche of sand.
You are ready to recite again.
You open the door.
There is a stone staircase leading down here.
You block the water moccasin's attack.
The ogre hits you with a +0 giant club!!
You die...

.. .. .... #.... #
.#...... #......##?#......
# #..... .......!.. ##
.... #.##....>. ##.
.(.##.##..... #..
#..#@...###+### #.#
###.#OS#.#.....# ##§# .#
#........#.⌠.⌠.####§§§
.)....#.####.'..>..'.#§§§#
... #.# ###.⌠.⌠.#.#§#§#
##.. #.# #.....#§§§#§#
#..#.# ###(###§§##.#
#...######.(...O##§..#
###.....##.##.#....###


You could see a water moccasin and an ogre.

Vanquished Creatures
  2 sky beasts
  A necrophage (D:4)
  2 ogres (D:5)
  A lemure (D:5)
  A centaur (D:4)
  A bullfrog (D:6)
  A gnoll sergeant (D:5)
  A wight (D:5)
  A hound (D:5)
  4 jellies
  2 centaur skeletons
  A gnoll shaman (D:4)
  An orc priest (D:7)
  Terence (D:2)
  3 iguanas
  An orc wizard (D:4)
  Natasha (D:2)
  A mummy (D:4)
  8 gnolls
  6 adders
  A shadow imp (D:5)
  A white imp (D:5)
  2 ufetubi
  An adder zombie (D:4)
  2 worms (D:2)
  2 dart slugs
  7 orcs
  5 bats
  6 endoplasms
  2 giant cockroaches
  2 hobgoblins
  5 quokkas
  5 ball pythons
  A frilled lizard (D:2)
  6 goblins
  6 kobolds
  A rat (D:3)
95 creatures vanquished.

Notes
Turn   | Place    | Note
-------+----------+-------------------------------------------
     0 | D:1      | HessuHobo the Human Fighter began the quest for the Orb.
     0 | D:1      | Reached XP level 1. HP: 18/18 MP: 1/1
   665 | D:1      | Reached XP level 2. HP: 24/24 MP: 2/2
  1990 | D:2      | Reached XP level 3. HP: 17/29 MP: 3/3
  2251 | D:2      | Reached XP level 4. HP: 30/35 MP: 4/4
  2810 | D:2      | Reached skill level 1 in Throwing
  2861 | D:2      | Noticed Terence
  2888 | D:2      | Killed Terence
  3480 | D:2      | Noticed Natasha
  3510 | D:2      | Killed Natasha
  3511 | D:2      | Reached XP level 5. HP: 32/41 MP: 5/5
  3652 | D:3      | Found a faded altar of an unknown god.
  3722 | D:3      | Prayed at the altar of an unknown god.
  3722 | D:3      | Became a worshipper of Elyvilon the Healer
  3722 | D:3      | Reached * piety under Elyvilon
  4026 | D:3      | Found a sparkling altar of Nemelex Xobeh.
  4057 | D:3      | Found a shimmering altar of Xom.
  4061 | D:3      | Found a stormy altar of Qazlal.
  4071 | D:3      | Found a blossoming altar of Fedhas.
  4132 | D:3      | Found a radiant altar of Vehumet.
  4257 | D:3      | HP: 2/42 [poisoned by a gnoll]
  4263 | D:3      | HP: 2/42 [gnoll (7)]
  4265 | D:3      | Elyvilon protects you from harm!
  4757 | D:4      | Reached ** piety under Elyvilon
  4911 | D:4      | Noticed a necrophage
  4957 | D:4      | Killed a necrophage
  4958 | D:4      | Reached skill level 1 in Long Blades
  4958 | D:4      | Reached XP level 6. HP: 14/48 MP: 4/6
  5197 | D:4      | Noticed Grinder
  5573 | D:4      | Noticed a sky beast
  5578 | D:5      | Entered Level 5 of the Dungeon
  5958 | D:5      | Reached XP level 7. HP: 42/54 MP: 7/7
  7163 | D:6      | Noticed Pikel
  7859 | D:5      | Identified the +0 robe of Kleptomania {Str+7 Int+4}
  7994 | D:6      | Reached XP level 8. HP: 49/61 MP: 8/8
  8103 | D:6      | Reached *** piety under Elyvilon
  8561 | D:5      | Reached skill level 5 in Fighting
  8561 | D:5      | Reached skill level 5 in Armour
  8561 | D:5      | Reached skill level 5 in Shields
  9078 | D:6      | Found a white marble altar of Elyvilon.
  9673 | D:4      | Found an opulent altar of Gozag.
  9933 | D:4      | You fall into a shaft and drop 3 floors!
 10108 | D:7      | Found a staircase to the Ecumenical Temple.
 10114 | Temple   | Entered the Ecumenical Temple
 10201 | Temple   | Fell from the grace of Elyvilon
 10201 | Temple   | Became a worshipper of Zin the Law-Giver
 10201 | Temple   | Reached * piety under Zin
 10201 | Temple   | Reached ** piety under Zin
 10267 | D:7      | Mangled by an ogre

Illustrated notes

Levels and vault maps discovered:
D:1:      dpeg_arrival_long_road, layout_basic, minivault_27, minmay_cut_off
D:2:      layout_basic, uniq_terence, uniq_natasha
D:3:      layout_rooms, grunt_temple_overflow_forces_of_nature,
          vehumet_crystals, mainiacjoe_overflow_six_doors_small,
          nemelex_xobeh_ov_fountains_minmay, nicolae_ecumenical_pavilion
D:4:      minmay_evil_eye, layout_gridville, lemuel_mausoleum_altar_yredelemnul,
          marbit_many_paths, uniq_grinder
D:5:      layout_loops_ring, hangedman_abyss_or_decor_passed
D:6:      layout_layer_cave, overflow_temple_1_default,
          nicolae_tso_swordbearing_angel, uniq_pikel, uniq_crazy_yiuf_cottage
D:7:      layout_rooms, trog_three_pillars_becter, minmay_temple_entry_hall,
          enter_ossuary_3, uniq_harold, uniq_duvessa
Temple:   dpeg_three_leaves_temple

Skill      XL: |  1  2  3  4  5  6  7  8 |
---------------+-------------------------+-----
Throwing       | 1 2 3 4 |  4.1
Fighting       | 4 5 |  5.4
Long Blades    | 1 2 3 |  3.8
Armour         | 4 5 |  5.4
Shields        | 4 5 |  5.4
Short Blades   | |  2.8

Action                   |  1- 3 |  4- 6 |  7- 9 || total
-------------------------+-------+-------+-------++-------
Melee: Rapier            |    77 |    31 |     1 ||   109
       Falchion          |       |   139 |   256 ||   395
Throw: Stone             |    17 |       |       ||    17
       Dart              |     1 |    13 |    47 ||    61
Invok: Purification      |       |     1 |     2 ||     3
       Recite            |       |       |     1 ||     1
       Vitalisation      |       |       |     1 ||     1
       Heal Self         |       |       |     1 ||     1
  Use: Scroll            |       |     6 |     9 ||    15
       Potion            |       |     4 |     7 ||    11
 Stab: Fleeing           |       |       |     1 ||     1
Armor: Scale mail        |    37 |    30 |       ||    67
       Chain mail        |       |    60 |   159 ||   219
Dodge: Dodged            |    40 |    54 |    66 ||   160
Block: Buckler           |    18 |     6 |       ||    24
       Kite shield       |       |    56 |   227 ||   283

Table legend: (Time is in decaauts)
 A = Elapsed time spent in this place.
 B = Non-inter-level travel time spent in this place.
 C = Inter-level travel time spent in this place.
 D = Time resting spent in this place.
 E = Time spent auto-exploring this place.
 F = Levels seen in this place.
 G = Mean time per level.
                   A        B        C        D        E       F      G
               +--------+--------+--------+--------+--------+-----+--------+
         Total |  10417 |  10277 |    140 |   4760 |   2469 |   8 | 1302.1 |
       Dungeon |  10320 |  10180 |    140 |   4760 |   2411 |   7 | 1474.3 |
        Temple |     96 |     96 |      0 |      0 |     58 |   1 |   96.0 |
               +--------+--------+--------+--------+--------+-----+--------+

Top non-repeatable levels by time:
     D:5: 2393 daAuts
     D:4: 2012 daAuts
     D:1: 1996 daAuts
     D:2: 1669 daAuts
     D:3: 1123 daAuts
     D:6: 881 daAuts
     D:7: 245 daAuts
  Temple: 96 daAuts
